[Event "Titled Tuesday Blitz March 28 Late 2023"]
[White "Dardha, Daniel"]
[Black "Gatterer, Florian"]
[WhiteFideId "240990"]
[BlackFideId "811688"]
[WhiteElo "2581"]
[BlackElo "2221"]
[Result "0-1"]
[Round "02"]
[TimeControl "180+2"]
[Date "2023.03.28"]
[WhiteClock "0:00:01"]
[BlackClock "0:00:06"]

1. e4 c5 2. Qg4 Nf6 3. Qh4 Nc6 4. Nf3 d6 5. Bb5 Bd7 6. O-O e5 7. d3 Be7 8. Bg5 a6 9. Bxc6 Bxc6 10. Nc3 Nd7 11. Qg3 Bxg5 12. Nxg5 h5 13. f4 h4 14. Qf2 Qe7 15. a4 O-O-O 16. Qe3 f6 17. Nh3 Nf8 18. Rab1 a5 19. f5 b6 20. Nf2 Nd7 21. Nd5 Qf7 22. Qf3 Bxa4 23. c3 Bc6 24. b4 Bxd5 25. exd5 axb4 26. cxb4 Kc7 27. Rb2 Qh5 28. Qe3 Qh6 29. Qe2 h3 30. Nxh3 g6 31. bxc5 bxc5 32. d4 Rb8 33. Ra2 exd4 34. Ra7+ Rb7 35. Rxb7+ Kxb7 36. Qb5+ Kc7 37. Qc6+ Kd8 38. Qxd6 Qe3+ 39. Nf2 Qe5 40. Qxe5 Nxe5 41. fxg6 Rg8 42. Ne4 c4 43. Rxf6 Rxg6 44. Rf5 Nd3 45. d6 Re6 46. Rf8+ Kd7 47. Nf6+ Kxd6 48. Ng4 Re1+ 49. Rf1 Rxf1+ 50. Kxf1 c3 51. Nf2 Nb4 52. Ke2 Kd5 53. Nd3 Nc2 54. g4 Kc4 55. g5 Nb4 56. Nxb4 Kxb4 57. g6 c2 58. Kd2 Kb3 59. g7 Kb2 60. g8=Q c1=Q+ 61. Kd3 Qc3+ 62. Ke4 d3 63. Qb8+ Kc1 64. Qf4+ d2 65. Kd5 Kc2 66. Qf2 Qd3+ 67. Kc6 Kc1 68. Qf4 Kc2 69. Qf2 Kc1 70. Qf4 Qc2+ 71. Kb7 Kb1 72. Qb4+ Qb2 0-1


[Site "https://www.chess.com"]

[Event "Titled Tuesday Blitz March 28 Late 2023"]
[White "Tari, Aryan"]
[Black "sissahungrychess"]
[WhiteFideId "1510045"]
[WhiteElo "2583"]
[BlackElo "2405"]
[Result "1-0"]
[Round "02"]
[TimeControl "180+2"]
[Date "2023.03.28"]
[WhiteClock "0:00:44"]
[BlackClock "0:00:08"]

1. d4 Nf6 2. Nf3 e6 3. g3 d5 4. Bg2 Be7 5. O-O b5 6. a4 b4 7. c4 bxc3 8. Nxc3 O-O 9. a5 Ba6 10. Ne5 Nfd7 11. Nxd7 Nxd7 12. Re1 Rb8 13. e4 dxe4 14. Nxe4 c5 15. d5 exd5 16. Qxd5 Bb7 17. Qh5 Bxe4 18. Bxe4 Nf6 19. Qf3 Nxe4 20. Rxe4 Bf6 21. Qe2 Rb4 22. Rxb4 cxb4 23. Be3 Qd7 24. Rd1 Qa4 25. Rd5 Qa1+ 26. Kg2 Qxb2 27. Qxb2 Bxb2 28. Bxa7 Bc3 29. Rb5 Ra8 30. Be3 h6 31. Bb6 Kf8 32. Kf3 Ke7 33. Ke4 Ke6 34. Kd3 Be1 35. Bd4 g6 36. Re5+ Kd6 37. Rxe1 Rxa5 38. Kc4 Ra2 39. Rb1 1-0


[Site "https://www.chess.com"]

[Event "Titled Tuesday Blitz March 28 Late 2023"]
[White "Stanojevic, Ilija"]
[Black "Zierk, Steven"]
[WhiteFideId "959995"]
[BlackFideId "2034255"]
[WhiteElo "2138"]
[BlackElo "2494"]
[Result "0-1"]
[Round "02"]
[TimeControl "180+2"]
[Date "2023.03.28"]
[WhiteClock "0:00:11"]
[BlackClock "0:00:37"]

1. d4 e6 2. c4 f5 3. Nc3 Bb4 4. Qc2 b6 5. Nf3 Bb7 6. a3 Bxc3+ 7. Qxc3 Nf6 8. b4 d6 9. Bb2 Nbd7 10. e3 O-O 11. Be2 Qe7 12. O-O Ne4 13. Qc2 Rf6 14. Rfd1 Rh6 15. d5 e5 16. Bd3 Ndf6 17. Nd2 Nxf2 18. Kxf2 Ng4+ 19. Kg1 Nxe3 20. Qc3 Qg5 21. Bf1 Nxd1 22. Rxd1 Qh5 23. Nf3 Rg6 24. g3 e4 25. Nh4 Qxh4 0-1


[Site "https://www.chess.com"]

[Event "Titled Tuesday Blitz March 28 Late 2023"]
[White "Mammadov, Zaur"]
[Black "Delorme, Axel"]
[WhiteFideId "13401033"]
[BlackFideId "632023"]
[WhiteElo "2441"]
[BlackElo "2478"]
[Result "1-0"]
[Round "02"]
[TimeControl "180+2"]
[Date "2023.03.28"]
[WhiteClock "0:02:23"]
[BlackClock "0:01:48"]

1. e4 c5 2. c3 d5 3. exd5 Qxd5 4. d4 Nf6 5. Nf3 e6 6. Bd3 Be7 7. O-O O-O 8. c4 Qd8 9. dxc5 Bxc5 10. Nc3 h6 11. a3 b6 12. b4 Be7 13. Bb2 Bb7 14. Qe2 Nbd7 15. Rad1 a5 16. b5 Bxf3 17. gxf3 Qc7 18. Kh1 Ne5 19. Nd5 exd5 20. Bxe5 Qc5 21. Rg1 dxc4 22. Rxg7+ Kxg7 23. Rg1+ Kh8 24. Qd2 1-0


[Site "https://www.chess.com"]

[Event "Titled Tuesday Blitz March 28 Late 2023"]
[White "Costachi, Mihnea"]
[Black "Villiers, Thomas"]
[WhiteFideId "1217518"]
[BlackFideId "427209"]
[WhiteElo "2456"]
[BlackElo "2164"]
[Result "1-0"]
[Round "02"]
[TimeControl "180+2"]
[Date "2023.03.28"]
[WhiteClock "0:02:29"]
[BlackClock "0:01:46"]

1. e4 e6 2. Qe2 c5 3. Nc3 Nc6 4. Nf3 Be7 5. d3 d5 6. g3 Nf6 7. Bg2 O-O 8. O-O Qa5 9. h4 b5 10. exd5 exd5 11. Ne5 Nxe5 12. Qxe5 Be6 13. Nxd5 Nxd5 14. Bxd5 Bf6 15. Qe4 Bxd5 16. Qxd5 Qc7 17. Bf4 Qb6 18. c3 Rad8 19. Qf3 c4 20. d4 b4 21. Qe2 bxc3 22. bxc3 Qa6 23. Rfe1 Qa3 24. Qxc4 Rc8 25. Qb3 Rxc3 26. Qxa3 Rxa3 27. Bd6 Rd3 28. Bxf8 Kxf8 29. Rab1 Rd1 30. Rb8+ Bd8 31. Rxd8# 1-0


[Site "https://www.chess.com"]

[Event "Titled Tuesday Blitz March 28 Late 2023"]
[White "Boyer, Mahel"]
[Black "Martin Barcelo, Carles"]
[WhiteFideId "45102422"]
[BlackFideId "24561444"]
[WhiteElo "2439"]
[BlackElo "2089"]
[Result "1-0"]
[Round "02"]
[TimeControl "180+2"]
[Date "2023.03.28"]
[WhiteClock "0:00:16"]
[BlackClock "0:00:04"]

1. e4 e6 2. Nc3 d5 3. d4 dxe4 4. Nxe4 Nd7 5. Qe2 Ngf6 6. Ng5 h6 7. N5f3 c5 8. Be3 Qa5+ 9. Bd2 Qb6 10. O-O-O cxd4 11. Qb5 a6 12. Qxb6 Nxb6 13. Nxd4 Bd7 14. g3 Bc5 15. Nge2 e5 16. Nb3 Bxf2 17. Bg2 Nc4 18. Bxb7 Ra7 19. Bg2 Be3 20. Nc3 Bxd2+ 21. Nxd2 Ne3 22. Rde1 Nxg2 23. Rxe5+ Kf8 24. Rg1 Bc6 25. Rc5 Bb7 26. Nc4 Kg8 27. Rc7 Ne8 28. Rd7 Nf6 29. Rc7 Ne8 30. Re7 Kf8 31. Rd7 Nf6 32. Rd8+ Ne8 33. Nd6 Ke7 34. Nxb7 Rxb7 35. Rd3 Nf6 36. Rxg2 Rc8 37. Re2+ Kf8 38. b3 Rbc7 39. Kb2 Rc5 40. Na4 Rh5 41. c4 Ng4 42. Rdd2 Ne5 43. Nb6 Rb8 44. Rxe5 Rxe5 45. Nd7+ Ke7 46. Nxe5 Ke6 47. Nc6 Rb6 48. Nd4+ Ke5 49. Kc3 Ke4 50. Re2# 1-0


[Site "https://www.chess.com"]

[Event "Titled Tuesday Blitz March 28 Late 2023"]
[White "drdaro"]
[Black "Smirnov, Pavel"]
[BlackFideId "4123425"]
[WhiteElo "2392"]
[BlackElo "2519"]
[Result "0-1"]
[Round "02"]
[TimeControl "180+2"]
[Date "2023.03.28"]
[WhiteClock "0:01:47"]
[BlackClock "0:02:49"]

1. e4 e5 2. Nf3 Nc6 3. Nc3 Nf6 4. Bb5 Nd4 5. Bc4 c6 6. Nxe5 d5 7. exd5 Bd6 8. O-O Bxe5 9. Re1 Ng4 10. f4 Qh4 11. h3 Qf2+ 12. Kh1 Qxf4 0-1


[Site "https://www.chess.com"]

[Event "Titled Tuesday Blitz March 28 Late 2023"]
[White "Abduzhaparov"]
[Black "Adewumi, Tanitoluwa"]
[BlackFideId "30966396"]
[WhiteElo "2385"]
[BlackElo "2743"]
[Result "0-1"]
[Round "02"]
[TimeControl "180+2"]
[Date "2023.03.28"]
[WhiteClock "0:00:04"]
[BlackClock "0:00:07"]

1. Nf3 d5 2. c4 d4 3. e3 Nc6 4. b4 dxe3 5. fxe3 Nxb4 6. d4 e5 7. d5 e4 8. Nd4 Nf6 9. Nc3 Bg4 10. Qa4+ Bd7 11. Qd1 Bc5 12. Nb3 Bd6 13. Bb2 O-O 14. Be2 Ng4 15. Bxg4 Nd3+ 16. Qxd3 exd3 17. Bxd7 Qxd7 18. O-O-O Be5 19. Rxd3 Qg4 20. Nd4 Rad8 21. g3 c5 22. dxc6 bxc6 23. Rhd1 c5 24. Nc6 Rxd3 25. Rxd3 Bxc3 26. Bxc3 Qxc4 27. Kd2 Qxa2+ 28. Ke1 Qa6 29. Ne7+ Kh8 0-1


[Site "https://www.chess.com"]

[Event "Titled Tuesday Blitz March 28 Late 2023"]
[White "Bolanos, Fernando"]
[Black "Escalona Landi, Samid Eduardo"]
[WhiteFideId "3304094"]
[BlackFideId "3937437"]
[WhiteElo "2166"]
[BlackElo "2207"]
[Result "0-1"]
[Round "02"]
[TimeControl "180+2"]
[Date "2023.03.28"]
[WhiteClock "0:00:13"]
[BlackClock "0:00:59"]

1. e4 c5 2. Nf3 d6 3. d4 cxd4 4. Nxd4 Nf6 5. f3 e5 6. Nb3 Be7 7. c4 a5 8. Be3 a4 9. N3d2 Qa5 10. Nc3 a3 11. Qb3 axb2 12. Qxb2 Nbd7 13. Be2 O-O 14. O-O Nc5 15. Nb3 Qb4 16. Rab1 Na4 17. Nxa4 Qxa4 18. Ra1 Be6 19. c5 d5 20. exd5 Nxd5 21. Bf2 Nf4 22. Rfe1 Bf6 23. Bf1 e4 24. Bd4 Bxd4+ 25. Nxd4 exf3 26. Nxf3 Qa5 27. Qb6 Bd5 28. a4 Bxf3 29. gxf3 Ne6 30. Qxa5 Rxa5 31. Bb5 Nxc5 32. Re7 Raa8 33. Rc1 Rac8 34. Kf2 Nd3+ 35. Bxd3 Rxc1 36. Rxb7 Rd8 37. Bb5 Rc2+ 38. Kg3 Rc3 39. a5 g6 40. a6 Ra3 41. Bc4 Kg7 42. Rxf7+ Kh6 43. Rf4 Ra4 44. Bf1 Rxf4 45. Kxf4 Rd1 46. Be2 Rd2 47. Ke3 Ra2 48. h3 Kh5 49. Bf1 Kh4 50. Kf4 Rf2 51. Bb5 Kxh3 52. Bc6 Ra2 53. Bb7 Kh4 54. Ke3 Kg3 55. f4 Ra3+ 56. Ke4 Ra4+ 57. Ke5 h5 58. f5 gxf5 59. Kxf5 h4 60. Ke5 h3 61. Kd6 h2 62. Kc7 Rxa6 63. Bxa6 h1=Q 64. Bb7 Qh7+ 65. Kb8 Qh8+ 66. Ka7 Qd4+ 67. Ka8 Kf4 68. Kb8 Ke5 69. Kc7 Qc5+ 70. Kd7 Qd6+ 71. Kc8 Qb6 72. Bf3 Kd6 73. Bc6 Qc7# 0-1


[Site "https://www.chess.com"]

[Event "Titled Tuesday Blitz March 28 Late 2023"]
[White "Oro, Faustino"]
[Black "Van Dael, Siem"]
[WhiteFideId "20000197"]
[BlackFideId "1049771"]
[WhiteElo "1984"]
[BlackElo "2336"]
[Result "1-0"]
[Round "02"]
[TimeControl "180+2"]
[Date "2023.03.28"]
[WhiteClock "0:00:35"]
[BlackClock "0:00:03"]

1. e4 c5 2. Nf3 d6 3. d4 cxd4 4. Nxd4 Nf6 5. Nc3 a6 6. f3 e6 7. Be3 h5 8. Qd2 Be7 9. Be2 Qc7 10. O-O-O Bd7 11. Kb1 b5 12. Bd3 Nc6 13. Nxc6 Bxc6 14. Ne2 d5 15. Bf4 e5 16. exd5 Nxd5 17. Bg5 O-O-O 18. Bxe7 Qxe7 19. Qa5 Kb7 20. Be4 Qc7 21. Qe1 Ne3 22. Rxd8 Bxe4 23. Nc3 Bxc2+ 24. Ka1 Rxd8 25. Qxe3 Bg6 26. Rc1 Rd3 27. Qe1 f6 28. Ne4 Qd8 29. Nc5+ Ka7 30. Nxd3 Qxd3 31. Qa5 1-0


[Site "https://www.chess.com"]

[Event "Titled Tuesday Blitz March 28 Late 2023"]
[White "Zwirs, Nico"]
[Black "Guzman Moneo, Alberto"]
[WhiteFideId "1036432"]
[BlackFideId "2209616"]
[WhiteElo "2381"]
[BlackElo "2157"]
[Result "0-1"]
[Round "02"]
[TimeControl "180+2"]
[Date "2023.03.28"]
[WhiteClock "0:01:30"]
[BlackClock "0:00:23"]

1. e4 c5 2. Nf3 Nc6 3. d4 cxd4 4. Nxd4 g6 5. Nc3 Bg7 6. Be3 Nf6 7. Nxc6 bxc6 8. e5 Ng8 9. Bd4 Nh6 10. e6 f6 11. exd7+ Qxd7 12. Bc4 Nf5 13. Bc5 e6 14. Qxd7+ Bxd7 15. O-O-O Bf8 16. Ne4 Bxc5 17. Nxc5 Rd8 18. Nxd7 Rxd7 19. Bxe6 Rxd1+ 20. Rxd1 Ke7 21. Bxf5 gxf5 22. Rd4 Rg8 23. g3 Ke6 24. Kd2 Rb8 25. b3 Rb7 26. Ke3 Ke5 27. Rc4 Kd5 28. Rf4 Ke5 29. Ra4 Re7 30. Ra5+ Kd6+ 31. Kf3 Ke6 32. Rc5 Rc7 33. Kf4 h6 34. Rxf5 c5 35. c4 a5 36. Rd5 a4 37. bxa4 Ra7 38. Rxc5 Rxa4 39. Rc6+ Kd7 40. Rxf6 Rxc4+ 41. Kf3 h5 42. h4 Ra4 43. Rf5 Rxa2 44. Rxh5 Ke6 45. Rc5 Kf6 46. g4 Kg6 47. Kg3 Ra1 48. Rc6+ Kg7 49. h5 Rh1 50. Kf4 Rf1 51. f3 Ra1 52. Rc5 Kh6 53. Rc6+ Kh7 54. g5 Ra4+ 55. Kg3 Rb4 56. Rc7+ Kh8 57. f4 Ra4 58. g6 Ra8 59. h6 Rb8 60. Kg4 Ra8 61. Kg5 Rb8 62. Rf7 Re8 63. g7+ Kg8 64. Rf8+ Rxf8 65. h7+ Kxg7 0-1


[Site "https://www.chess.com"]

[Event "Titled Tuesday Blitz March 28 Late 2023"]
[White "Goltsev, Dmitry"]
[Black "Jorajuria Mendoza, Algol"]
[WhiteFideId "24176710"]
[BlackFideId "5128897"]
[WhiteElo "2336"]
[BlackElo "2076"]
[Result "1-0"]
[Round "02"]
[TimeControl "180+2"]
[Date "2023.03.28"]
[WhiteClock "0:01:12"]
[BlackClock "0:00:08"]

1. e4 c5 2. Nf3 Nc6 3. d4 cxd4 4. Nxd4 Nf6 5. Nc3 e5 6. Nf5 d5 7. exd5 Bxf5 8. dxc6 bxc6 9. Bd3 Bxd3 10. Qxd3 Qxd3 11. cxd3 Rb8 12. Ke2 Bc5 13. b3 Bd4 14. Bb2 O-O 15. Rac1 Rbd8 16. Na4 e4 17. Bxd4 Rxd4 18. Rhd1 Re8 19. dxe4 Rdxe4+ 20. Kf1 Ng4 21. h3 Ne5 22. Nc5 Rf4 23. Re1 f6 24. Rcd1 Rb8 25. Nd7 Rb5 26. Nxe5 fxe5 27. Rd7 Rd4 28. Rxa7 Rd2 29. f4 Rc5 30. Rxe5 Rc1+ 31. Re1 Rxe1+ 32. Kxe1 Rxg2 33. a4 Rg3 34. Rb7 Rf3 35. a5 1-0


[Site "https://www.chess.com"]

[Event "Titled Tuesday Blitz March 28 Late 2023"]
[White "Levine, Joseph"]
[Black "Torres Boch, Jose Francisco"]
[WhiteFideId "30940346"]
[BlackFideId "2278383"]
[WhiteElo "2351"]
[BlackElo "2073"]
[Result "1-0"]
[Round "02"]
[TimeControl "180+2"]
[Date "2023.03.28"]
[WhiteClock "0:01:45"]
[BlackClock "0:01:19"]

1. e4 c5 2. Nf3 d6 3. d4 cxd4 4. Nxd4 Nf6 5. Nc3 a6 6. Be2 e5 7. Nb3 Be7 8. O-O O-O 9. Be3 Be6 10. Qd2 Nc6 11. a4 Rc8 12. a5 Nb4 13. Rfd1 d5 14. Bb6 Qd7 15. exd5 Nbxd5 16. Nxd5 Qxd5 17. Qe3 Qc6 18. Qxe5 Qxc2 19. Nd4 Qe4 20. Qxe4 Nxe4 21. Nxe6 fxe6 22. Bf3 Nc5 23. b4 Bf6 24. Bxc5 1-0


[Site "https://www.chess.com"]

[Event "Titled Tuesday Blitz March 28 Late 2023"]
[White "Abdyzhapar, Asylbek"]
[Black "Sliwicki, Damian"]
[WhiteFideId "13800337"]
[BlackFideId "1127128"]
[WhiteElo "2323"]
[BlackElo "2030"]
[Result "1-0"]
[Round "02"]
[TimeControl "180+2"]
[Date "2023.03.28"]
[WhiteClock "0:01:09"]
[BlackClock "0:00:02"]

1. d4 Nf6 2. Bg5 d5 3. Nd2 e6 4. e3 Be7 5. Bd3 O-O 6. Ngf3 c5 7. c3 Nbd7 8. Ne5 h6 9. Bh4 Nxe5 10. dxe5 Nd7 11. Bg3 b6 12. f4 Bb7 13. O-O d4 14. e4 dxc3 15. bxc3 Nxe5 16. Bc2 Ng4 17. Qe2 c4 18. Kh1 Bc5 19. Nxc4 Ba6 20. Qxg4 Bxc4 21. Rfd1 Qf6 22. e5 h5 23. Qxh5 Qh6 24. Qxh6 gxh6 25. f5 Rad8 26. Bh4 Rd5 27. Bf6 Be2 28. Rxd5 exd5 29. Re1 Bc4 30. Bb3 b5 31. Bxc4 bxc4 32. Rd1 Rb8 33. g3 d4 34. cxd4 c3 35. Kg2 Rb2+ 36. Kf3 c2 37. Rc1 Bxd4 38. Ke4 Bg1 39. h3 Bf2 40. g4 Rxa2 41. Kd3 Bg3 42. Rxc2 Rxc2 43. Kxc2 Kh7 44. Kb3 h5 45. gxh5 Bf2 46. e6 fxe6 47. fxe6 Kg8 48. e7 Kf7 49. h6 Bd4 50. Bxd4 1-0


[Site "https://www.chess.com"]

[Event "Titled Tuesday Blitz March 28 Late 2023"]
[White "Gerbelli Neto, Eduardo"]
[Black "Bitoon, Richard"]
[WhiteFideId "2103281"]
[BlackFideId "5201110"]
[WhiteElo "2178"]
[BlackElo "2374"]
[Result "0-1"]
[Round "02"]
[TimeControl "180+2"]
[Date "2023.03.28"]
[WhiteClock "0:00:08"]
[BlackClock "0:01:01"]

1. e4 e5 2. Nf3 Nc6 3. d4 exd4 4. Nxd4 Nf6 5. Nc3 Bc5 6. Nxc6 bxc6 7. Bd3 d6 8. O-O Ng4 9. Qf3 Ne5 10. Qg3 Qf6 11. Be3 h5 12. Bxc5 h4 13. Qe3 Ng4 14. Qd4 Qf4 15. g3 hxg3 16. fxg3 Qh6 17. h4 dxc5 18. Qxc5 Qe3+ 19. Qxe3 Nxe3 20. Rfe1 Ng4 21. e5 Be6 22. Be4 O-O-O 23. Bxc6 Rd2 24. Re2 Rxe2 25. Nxe2 Nxe5 26. Bg2 Rd8 27. c3 Rd2 28. Nd4 Bg4 29. b3 Rd3 30. Re1 f6 31. Ne2 Rd2 32. Nf4 Rxa2 33. Nd5 Bf3 34. Bf1 Bxd5 0-1


[Site "https://www.chess.com"]

[Event "Titled Tuesday Blitz March 28 Late 2023"]
[White "Fan_Of_Chucky"]
[Black "Hamitevici, Vladimir"]
[BlackFideId "13902393"]
[WhiteElo "2351"]
[BlackElo "2401"]
[Result "1-0"]
[Round "02"]
[TimeControl "180+2"]
[Date "2023.03.28"]
[WhiteClock "0:00:34"]
[BlackClock "0:00:14"]

1. d4 d5 2. c4 e6 3. Nf3 Nf6 4. g3 h6 5. Bg2 Bd6 6. O-O a6 7. Nc3 O-O 8. c5 Be7 9. b4 a5 10. b5 b6 11. c6 a4 12. Nxa4 Ne4 13. Bb2 Ra5 14. Qb3 Nd6 15. Nc3 Nc4 16. a4 Bd6 17. Bc1 f5 18. Bf4 Bxf4 19. gxf4 g5 20. Qb4 gxf4 21. Kh1 Qf6 22. Rg1 Kh8 23. Ne5 Nd6 24. Bxd5 exd5 25. Nxd5 Qd8 26. Ng6+ Kh7 27. Ndxf4 Re8 28. Qb3 Qf6 29. Nh5 Qe6 30. d5 Qf7 31. Qb2 Ne4 32. Nf8+ Rxf8 33. Rg7+ 1-0


[Site "https://www.chess.com"]

[Event "Titled Tuesday Blitz March 28 Late 2023"]
[White "Florescu, Codrut-Constantin"]
[Black "Shkuran, Danylo"]
[WhiteFideId "1202200"]
[BlackFideId "14106248"]
[WhiteElo "2191"]
[BlackElo "2427"]
[Result "1-0"]
[Round "02"]
[TimeControl "180+2"]
[Date "2023.03.28"]
[WhiteClock "0:01:43"]
[BlackClock "0:00:19"]

1. e4 e6 2. d4 d5 3. Nc3 Bb4 4. Bd2 Ne7 5. e5 b6 6. Nf3 O-O 7. a3 Bxc3 8. Bxc3 h6 9. h4 c5 10. h5 Ba6 11. Bxa6 Nxa6 12. Qd3 Nb8 13. O-O-O Nbc6 14. g4 cxd4 15. Bxd4 Nxd4 16. Nxd4 Qc7 17. f4 Nc6 18. Nxc6 Qxc6 19. g5 Rac8 20. Rhg1 Kh8 21. Rg2 Qc4 22. Qxc4 Rxc4 23. f5 Re4 24. gxh6 gxh6 25. fxe6 fxe6 26. Rg6 Rxe5 27. Rxh6+ Kg7 28. Rg6+ Kh7 29. Rdg1 Rf7 30. Kd2 Rxh5 31. Rxe6 Rh2+ 32. Re2 Rh5 33. Kd3 Rhf5 34. Rh2+ 1-0


[Site "https://www.chess.com"]

[Event "Titled Tuesday Blitz March 28 Late 2023"]
[White "Vlassov, Nikolai"]
[Black "Rosenberg, Evan S"]
[WhiteFideId "4103360"]
[BlackFideId "2019299"]
[WhiteElo "2324"]
[BlackElo "2344"]
[Result "1-0"]
[Round "02"]
[TimeControl "180+2"]
[Date "2023.03.28"]
[WhiteClock "0:00:06"]
[BlackClock "0:00:06"]

1. e4 e5 2. Bc4 Nf6 3. d3 Nc6 4. Nf3 Bc5 5. Bg5 d6 6. Nc3 Be6 7. Nd2 Na5 8. Nd5 Bxd5 9. exd5 Nxc4 10. dxc4 h6 11. Bh4 a5 12. Qf3 g5 13. Bg3 h5 14. h4 g4 15. Qf5 Rh6 16. O-O-O Qd7 17. Qd3 O-O-O 18. Nb3 Bb6 19. c5 Bxc5 20. Nxc5 dxc5 21. Bxe5 Kb8 22. Qe3 Rg6 23. Qxc5 Ne4 24. Qe3 Qf5 25. f4 gxf3 26. gxf3 Nd6 27. Bh2 Rg2 28. Qc3 Nb5 29. Qc5 Rxh2 30. Rxh2 Qf4+ 31. Rdd2 Nd6 32. b3 b6 33. Qf2 Re8 34. Kb2 Nb5 35. a4 Nd6 36. Rg2 Qf6+ 37. Qd4 Qxf3 38. Rgf2 Qg3 39. Qf4 Qxf4 40. Rxf4 Re1 41. Rg2 Rd1 42. Rg5 Re1 43. Rxh5 Re2 44. Rg5 Ne4 45. Rg8+ Kb7 46. Rxf7 Nc5 47. d6 Nd3+ 48. Kc3 Ne5 49. Rxc7+ 1-0


[Site "https://www.chess.com"]

[Event "Titled Tuesday Blitz March 28 Late 2023"]
[White "Ismagilov, Damir"]
[Black "Figorito, Nick"]
[WhiteFideId "34199982"]
[BlackFideId "30923689"]
[WhiteElo "2078"]
[BlackElo "2334"]
[Result "1/2-1/2"]
[Round "02"]
[TimeControl "180+2"]
[Date "2023.03.28"]
[WhiteClock "0:00:14"]
[BlackClock "0:00:13"]

1. d4 Nf6 2. Bf4 d5 3. e3 c5 4. c3 Qb6 5. Qb3 c4 6. Qc2 Nc6 7. Nd2 g6 8. e4 e6 9. Ngf3 Bg7 10. e5 Nd7 11. h4 h6 12. g3 Nf8 13. Bg2 Bd7 14. b3 cxb3 15. axb3 Nh7 16. O-O Qd8 17. c4 O-O 18. cxd5 Nb4 19. Qd1 Nxd5 20. Be3 Bb5 21. Re1 Nc3 22. Qc2 Rc8 23. Qb2 a6 24. Nc4 Bxc4 25. bxc4 Rxc4 26. Qxb7 Qc8 27. Qxa6 Nd5 28. Nd2 Rc2 29. Bxd5 exd5 30. Qxc8 Rfxc8 31. Ra5 Rd8 32. Rb1 g5 33. hxg5 Nxg5 34. Bxg5 hxg5 35. Nf3 g4 36. Nh2 Rd2 37. Ra4 Rc8 38. Nxg4 Rc4 39. Rbb4 Rdxd4 40. Rxc4 dxc4 41. Ne3 Bxe5 42. Rxc4 Rxc4 43. Nxc4 Bd4 44. Kg2 f5 45. Kf3 Kf7 46. Ne3 Kg6 47. Kf4 Ba7 48. Kf3 Kg5 49. Nc2 Kg6 50. Ne1 Kg5 51. Nd3 Kg6 52. Nf4+ Kf6 53. Ne2 Kg5 54. Nc1 Kg6 55. Nd3 Kg5 56. Kg2 Kg4 57. f3+ Kg5 58. Nc1 Kg6 59. Ne2 Kg5 60. Kh3 Kh5 61. Kg2 Kg5 62. Kf1 Kh5 63. Ke1 Kg5 64. Kd2 Kh5 65. Kd3 Kg5 66. Kc4 Bf2 67. Kd5 Kf6 68. Kd6 Be1 69. Kd7 Bf2 70. Ke8 Be1 71. Kf8 Bf2 72. Kg8 Be1 73. Kh7 Bf2 74. Kh6 Be1 75. Kh5 Bf2 76. Kh4 Be1 77. Nf4 Bf2 78. Nd5+ Ke5 79. Nb4 Kf6 80. Nd3 Ba7 81. Kh5 Bb8 82. Nf4 Bd6 83. Ne2 Bb8 84. g4 fxg4 85. fxg4 Be5 86. Ng1 Kg7 87. Nf3 Ba1 88. Nh4 Kh7 89. Nf5 Bb2 90. g5 Ba1 91. g6+ Kg8 92. Kh6 Kh8 93. Ne7 Bg7+ 94. Kh5 Ba1 95. Kg4 Kg7 96. Kf5 Bb2 97. Nd5 Ba1 98. Nf4 Bb2 99. Ne6+ Kg8 100. Kg5 Ba1 101. Nf4 Bb2 102. Ng2 Ba1 103. Nh4 Bc3 104. Nf5 Bb2 105. Kh6 Bc1+ 106. Kh5 Bb2 107. Ne7+ Kg7 108. Nc6 Ba1 109. Nb4 Bb2 110. Nd5 Ba1 111. Ne7 Bb2 112. Nf5+ Kg8 113. Kh6 Bc1+ 114. Kh5 Bb2 1/2-1/2


[Site "https://www.chess.com"]

[Event "Titled Tuesday Blitz March 28 Late 2023"]
[White "Polanco Nunez, Yoel Estarling"]
[Black "Bjelobrk, Igor"]
[WhiteFideId "6401783"]
[BlackFideId "4300726"]
[WhiteElo "2132"]
[BlackElo "2335"]
[Result "0-1"]
[Round "02"]
[TimeControl "180+2"]
[Date "2023.03.28"]
[WhiteClock "0:00:17"]
[BlackClock "0:01:38"]

1. d4 e6 2. Nf3 c5 3. e3 b6 4. Bd3 Bb7 5. O-O Nf6 6. Nbd2 Be7 7. b3 O-O 8. Bb2 d6 9. c4 Nbd7 10. Qe2 Re8 11. Rac1 Qc7 12. Rfd1 a6 13. e4 cxd4 14. Bxd4 Rac8 15. Bb2 Qb8 16. Re1 Bd8 17. h3 Qa8 18. Rcd1 Nf8 19. Bb1 Ng6 20. g3 Be7 21. Nf1 b5 22. cxb5 axb5 23. N1d2 b4 24. Rc1 d5 25. e5 Ne4 26. Rxc8 Rxc8 27. Nxe4 dxe4 28. Bxe4 Bxe4 29. Qxe4 Qxe4 30. Rxe4 Rc2 31. Bd4 Rxa2 32. Be3 Rb2 33. Nd2 h5 34. h4 Bf8 35. Kf1 Ne7 36. Ke2 Nd5 37. Bd4 Nc3+ 38. Kd3 Rxd2+ 39. Kxd2 Nxe4+ 40. Kd3 Nc5+ 41. Kc4 Nd7 42. Be3 Nxe5+ 43. Kd4 Ng4 44. Bd2 Nxf2 45. Ke3 Ng4+ 0-1


[Site "https://www.chess.com"]

[Event "Titled Tuesday Blitz March 28 Late 2023"]
[White "Van Foreest, Machteld"]
[Black "Sochacki, Christophe"]
[WhiteFideId "1051563"]
[BlackFideId "662569"]
[WhiteElo "2018"]
[BlackElo "2474"]
[Result "1-0"]
[Round "02"]
[TimeControl "180+2"]
[Date "2023.03.28"]
[WhiteClock "0:00:18"]
[BlackClock "0:00:01"]

1. e4 c5 2. Nf3 d6 3. d4 cxd4 4. Nxd4 Nf6 5. Nc3 g6 6. Be3 Bg7 7. f3 Nc6 8. Qd2 O-O 9. O-O-O d5 10. exd5 Nxd5 11. Nxc6 bxc6 12. Bd4 Bxd4 13. Qxd4 Qb6 14. Na4 Qc7 15. Bc4 Be6 16. Nc5 Bf5 17. g4 Bc8 18. h4 Qf4+ 19. Qxf4 Nxf4 20. Rd4 Nd5 21. Bxd5 cxd5 22. Rxd5 Rb8 23. Rhd1 h5 24. gxh5 Bf5 25. hxg6 fxg6 26. Nd7 Bxd7 27. Rxd7 Rbe8 28. R1d3 Rf4 29. Re3 Kf7 30. Rxa7 Rxh4 31. b3 Rh2 32. a4 Kf6 33. Ra6+ Kf5 34. Rae6 Rc8 35. Re2 Rxe2 36. Rxe2 e5 37. Kb2 g5 38. Re4 Rh8 39. a5 Rh3 40. a6 Rxf3 41. a7 Kxe4 42. a8=Q+ Ke3 43. Qd5 Rf5 44. Qe6 Kf4 45. Kc3 g4 46. Qh6+ Kf3 47. Qh1+ Kf2 48. Qh2+ Kf3 49. Kd3 g3 50. Qe2+ 1-0


[Site "https://www.chess.com"]

[Event "Titled Tuesday Blitz March 28 Late 2023"]
[White "Spata, German"]
[Black "micke12a"]
[WhiteFideId "113026"]
[WhiteElo "2238"]
[BlackElo "2333"]
[Result "1-0"]
[Round "02"]
[TimeControl "180+2"]
[Date "2023.03.28"]
[WhiteClock "0:00:19"]
[BlackClock "0:00:13"]

1. Nf3 Nf6 2. b3 g6 3. Bb2 Bg7 4. e3 c5 5. c4 O-O 6. Be2 Nc6 7. O-O b6 8. d4 cxd4 9. Nxd4 Bb7 10. Nc3 Nxd4 11. Qxd4 Ne4 12. Qd3 Nxc3 13. Bxc3 d6 14. Rfd1 Qc7 15. Rac1 a5 16. Bxg7 Kxg7 17. h4 h5 18. Qd4+ f6 19. Qf4 Qc5 20. a4 Rad8 21. Bf3 Bxf3 22. Qxf3 e6 23. Rd3 Rf7 24. Rcd1 Rfd7 25. e4 Qc6 26. Qf4 Qc5 27. g3 Qc6 28. Qe3 Qc5 29. Rd4 Qc6 30. Qd3 Qc5 31. Rd2 Qc6 32. Kg2 Qc5 33. Kh2 Qc6 34. f4 e5 35. fxe5 fxe5 36. Rd5 Qc7 37. Qe3 Rf7 38. Rf2 Rxf2+ 39. Qxf2 Rf8 40. Qe3 Qc6 41. Rb5 Rb8 42. Qd3 Kf6 43. Rd5 Rd8 44. Qf1+ Kg7 45. Qd1 Rd7 46. Qd3 Rd8 47. Qe3 Qc7 48. Qd3 Qb7 49. Qd2 Qc6 50. Qd3 Qc7 51. Kg2 Qc6 52. Qe3 Qc7 53. Rb5 Rc8 54. Qxb6 Qf7 55. Qf2 Qc7 56. Rd5 Qc6 57. Qd2 Rb8 58. Qd3 Rb4 59. Rxd6 Qc5 60. Rd7+ Kh6 61. Qd2+ 1-0


[Site "https://www.chess.com"]

[Event "Titled Tuesday Blitz March 28 Late 2023"]
[White "Lewicki, Miroslaw"]
[Black "Fernandez Siles, Luis"]
[WhiteFideId "1113380"]
[BlackFideId "2209420"]
[WhiteElo "2212"]
[BlackElo "2186"]
[Result "1-0"]
[Round "02"]
[TimeControl "180+2"]
[Date "2023.03.28"]
[WhiteClock "0:02:13"]
[BlackClock "0:00:21"]

1. f3 d5 2. Kf2 e5 3. g3 Nc6 4. Kg2 f5 5. b3 Nf6 6. Bb2 Bd6 7. d3 O-O 8. Nd2 Bd7 9. e4 Qe7 10. Be2 Rae8 11. c3 fxe4 12. dxe4 dxe4 13. Nxe4 Nxe4 14. fxe4 Bc5 15. Nf3 Bg4 16. Rf1 Rd8 17. Qc2 Qe6 18. Ng5 Qh6 19. h4 Bxe2 20. Qxe2 Bd6 21. Qc4+ Kh8 22. Rxf8+ Rxf8 23. Nf7+ Rxf7 24. Qxf7 1-0


[Site "https://www.chess.com"]